Map: Rooftop Terrace

Players

Piyepop

  • Race: Terran Terran
  • Spawn Location: 5:00

MichaelnTina

  • Race: Terran Terran
  • Spawn Location: 7:00

Infamous

  • Race: Protoss Protoss
  • League: Gold
  • Spawn Location: 6:00

Andocrain

  • Race: Protoss Protoss
  • League: Silver
  • Spawn Location: 6:00

Ukina

  • Race: Protoss Protoss
  • Spawn Location: 12:00

EFWOW

  • Race: Terran Terran
  • Spawn Location: 12:00

ossamo

  • Race: Protoss Protoss
  • League: Silver
  • Spawn Location: 1:00

Tron

  • Race: Terran Terran
  • Spawn Location: 11:00

VOD

Have the link to the VOD?

Description

Time

  • Played on: April 14, 2018, 2:53 p.m.
  • Length: 29:20
Show
View Real Time Build Order
Export as new Build Order

Piyepop Terran 

Build Orders:  

Get SALT Encoding   

  12  0:02  SCV  
  13  0:14  SCV  
  14  0:26  SCV  
  15  0:38  Supply Depot  
  15  0:40  Supply Depot  
  15  1:13  Barracks  
  15  1:19  Supply Depot  
  15  1:28  SCV  
  16  1:40  SCV  
  17  1:52  SCV  
  18  1:54  Refinery, Engineering Bay  
  18  1:57  Refinery  
  18  2:04  SCV  
  19  2:16  SCV  
  19  2:21  Command Center  
  20  2:28  SCV  
  21  2:40  Barracks Reactor, SCV  
  22  2:54  SCV  
  23  3:17  Reaper x2  
  25  3:26  Planetary Fortress  
  25  3:34  SCV  
  26  3:44  Missile Turret  
  26  3:46  SCV  
  27  3:49  Marine x2  
  29  3:58  SCV  
  30  4:05  Missile Turret  
  30  4:07  Marine x2  
  32  4:10  SCV  
  32  4:12  Sensor Tower  
  33  4:22  SCV  
  34  4:34  Missile Turret, SCV  
  35  4:43  Missile Turret  
  35  4:46  SCV  
  36  4:58  SCV  
  37  5:02  Supply Depot  
  37  5:11  Orbital Command  
  37  5:25  Supply Depot, Missile Turret  
  37  5:46  SCV  
  37  5:48  Supply Depot  
  35  6:10  Supply Depot  
  31  6:15  Missile Turret  
  24  6:33  Supply Depot  
  24  6:35  Missile Turret  
  24  6:42  Missile Turret  
  24  6:49  SCV  
  25  6:55  Supply Depot  
  25  6:57  Missile Turret  
  25  7:01  SCV  
  25  7:02  Missile Turret  
  26  7:13  SCV  
  27  7:18  Supply Depot  
  27  7:19  Missile Turret  
  27  7:20  Missile Turret  
  26  7:23  Missile Turret  
  26  7:25  SCV  
  24  7:37  SCV  
  24  7:39  Missile Turret  
  24  7:40  Missile Turret  
  24  7:42  Supply Depot  
  25  7:44  Missile Turret  
  25  7:49  SCV  
  26  7:55  Hi-Sec Auto Tracking  
  26  8:00  Missile Turret  
  26  8:01  Missile Turret  
  26  8:02  SCV  
  26  8:05  Supply Depot  
  27  8:09  Missile Turret  
  27  8:14  SCV  
  27  8:19  Missile Turret  
  27  8:26  SCV  
  28  8:31  Missile Turret  
  28  8:39  Missile Turret  
  28  9:00  Missile Turret  
  28  9:01  Command Center  
  28  9:07  SCV  
  29  9:17  Factory  
  29  9:19  SCV  
  30  9:31  SCV  
  31  9:43  SCV  
  32  9:53  Refinery  
  32  9:55  SCV  
  33  10:01  Factory  
  33  10:16  Refinery  
  33  10:19  Refinery  
  33  10:41  Refinery  
  33  10:56  Orbital Command  
  33  11:04  Sensor Tower  
  33  11:20  Factory Reactor  
  33  11:21  Factory Reactor  
  33  11:28  Ghost Academy  
  33  11:35  Sensor Tower  
  33  11:58  Ghost Academy  
  33  12:04  SCV  
  34  12:16  SCV  
  34  12:20  Missile Turret  
  35  12:25  Building Armor  
  35  12:28  Ghost Academy  
  35  12:32  SCV  
  36  12:40  Missile Turret  
  36  12:41  Personal Cloaking  
  36  12:44  SCV  
  36  12:47  SCV  
  38  12:55  Barracks  
  38  12:56  SCV  
  43  12:58  Widow Mine x2, Ghost Academy  
  43  12:59  SCV, Widow Mine x2  
  43  13:00  Missile Turret  
  48  13:08  SCV  
  48  13:11  SCV  
  54  13:20  SCV, Widow Mine x4  
  59  13:29  Ghost Academy  
  59  13:41  Missile Turret, Widow Mine x2  
  63  13:42  Widow Mine x2  
  67  13:59  Ghost Academy  
  67  14:00  Missile Turret  
  71  14:02  Widow Mine  
  71  14:03  Widow Mine x3  
  66  14:58  Barracks Tech Lab  
  66  15:47  Hellion  
  66  15:48  Hellion x3  
  74  16:03  Ghost  
  76  16:08  Nuke  
  76  16:09  Hellion x4, Nuke x5  
  84  16:25  Missile Turret  
  84  16:32  Ghost  
  86  16:49  Missile Turret  
  86  17:00  Ghost  
  83  17:20  Missile Turret  
  83  17:28  Cyclone x2  
  83  17:29  Ghost, Cyclone x2  
  95  19:09  Nuke  
  61  20:57  Nuke x2  
  61  21:00  Ghost  
  63  21:05  Cyclone x2  
  63  21:06  Cyclone x2  
  75  21:29  Ghost  
  77  22:18  Starport  
  77  22:56  Starport  
  75  23:24  Ghost  
  77  23:36  Widow Mine x4  
  85  23:53  Ghost  
  87  23:57  Widow Mine x3  
  87  23:58  Widow Mine  
  77  24:19  Widow Mine x4  
  47  24:40  Widow Mine x4  
  39  25:20  Widow Mine x2  
  43  25:23  Widow Mine x2  
  47  25:42  Widow Mine x2  
  51  25:44  Widow Mine x2  
  55  26:03  Widow Mine x2  
  59  26:06  Widow Mine x2  
  63  26:24  Widow Mine  
  63  26:25  Widow Mine  
  67  26:27  Widow Mine x2  
  71  26:42  Nuke x3  
  71  26:43  Nuke x2  
  71  26:46  Widow Mine x2  
  75  26:48  Widow Mine  
  75  26:49  Widow Mine  
  79  27:07  Widow Mine x2  
  83  27:10  Widow Mine x2  
  87  27:29  Widow Mine x2  
  91  27:31  Widow Mine x2  
  95  27:50  Widow Mine x2  
  99  27:53  Widow Mine x2  
Show
View Real Time Build Order
Export as new Build Order

MichaelnTina Terran 

Build Orders:  

Get SALT Encoding   

  12  0:02  SCV  
  14  0:14  SCV  
  14  0:23  Supply Depot  
  14  0:26  SCV  
  15  0:31  Refinery  
  15  0:44  SCV  
  16  0:53  Barracks  
  16  0:59  SCV  
  17  1:11  SCV  
  18  1:24  SCV  
  19  1:27  Supply Depot  
  19  1:33  Refinery  
  19  1:36  SCV  
  20  1:45  Supply Depot  
  20  1:51  Barracks Tech Lab  
  20  1:52  SCV  
  21  2:04  SCV  
  22  2:16  SCV  
  22  2:18  Engineering Bay  
  23  2:30  Reaper  
  24  2:37  Supply Depot  
  24  2:44  Orbital Command  
  24  3:02  Reaper  
  25  3:14  Command Center  
  25  3:27  Supply Depot  
  25  3:34  Factory  
  25  3:35  Reaper  
  26  4:01  SCV  
  27  4:07  Reaper  
  28  4:12  Refinery  
  28  4:13  SCV  
  29  4:25  Starport, SCV  
  29  4:27  Command Center  
  30  4:32  Starport  
  30  4:39  Reaper  
  30  4:45  Starport  
  31  4:50  SCV  
  32  4:56  Refinery  
  32  5:02  SCV  
  33  5:12  Sensor Tower  
  33  5:14  SCV  
  33  5:18  Starport Tech Lab  
  33  5:19  Starport Tech Lab  
  34  5:25  Fusion Core  
  34  5:28  Starport Tech Lab  
  34  5:49  Orbital Command  
  34  5:53  Refinery  
  34  5:54  Orbital Command  
  34  6:28  Battlecruiser  
  34  6:30  Battlecruiser  
  41  6:58  Marauder  
  43  7:03  Battlecruiser  
  43  7:05  Weapon Refit  
  49  7:10  Supply Depot  
  49  7:19  Marauder  
  51  7:32  Supply Depot  
  51  7:36  SCV  
  52  7:41  Refinery  
  52  7:42  SCV  
  53  7:48  SCV  
  54  7:55  SCV  
  55  8:01  SCV  
  56  8:07  SCV  
  57  8:13  SCV  
  57  8:15  Battlecruiser  
  57  8:17  Battlecruiser  
  57  8:19  SCV  
  71  8:31  SCV  
  72  8:47  Starport  
  72  8:54  Armory  
  72  9:14  Battlecruiser  
  78  9:21  Battlecruiser  
  84  9:27  Starport Tech Lab  
  84  9:33  Missile Turret  
  84  9:44  Terran Ship Weapons Level 1  
  84  9:50  Supply Depot  
  84  9:54  Missile Turret  
  84  9:58  Supply Depot  
  84  10:02  Supply Depot  
  84  10:09  Supply Depot  
  84  10:15  Battlecruiser  
  84  10:17  Battlecruiser  
  96  11:08  Sensor Tower  
  96  11:16  Battlecruiser  
  102  11:19  Battlecruiser  
  102  11:21  Battlecruiser  
  114  11:46  Sensor Tower  
  114  12:21  Battlecruiser  
  120  12:23  Battlecruiser  
  120  12:25  Battlecruiser  
  132  12:32  Terran Ship Weapons Level 2  
  132  12:46  Hi-Sec Auto Tracking  
  132  12:53  Missile Turret  
  132  13:04  Battlecruiser  
  138  13:12  Missile Turret  
  138  13:36  Battlecruiser  
  144  13:43  Battlecruiser  
  150  13:49  Battlecruiser  
  116  15:17  Battlecruiser  
  116  15:19  Battlecruiser  
  116  15:20  Battlecruiser  
  140  15:21  Battlecruiser  
  140  15:23  Terran Ship Weapons Level 3  
  128  16:22  Battlecruiser  
  128  16:23  Battlecruiser  
  44  18:12  Battlecruiser  
  44  18:13  Battlecruiser  
  44  18:14  Battlecruiser  
  44  18:15  Battlecruiser  
  62  18:51  Orbital Command  
  62  19:16  Battlecruiser  
  68  19:17  Battlecruiser  
  68  19:19  Refinery  
  74  19:24  Refinery  
  74  20:00  Battlecruiser  
  74  20:02  Battlecruiser  
  86  20:39  Battlecruiser  
  86  20:40  Battlecruiser  
  86  22:02  Battlecruiser  
  86  22:03  Battlecruiser  
  86  22:04  Battlecruiser  
  86  22:06  Battlecruiser  
  61  23:43  Battlecruiser  
  67  23:50  Terran Infantry Weapons Level 1  
  67  24:12  Barracks x2  
  67  24:15  Barracks  
  31  25:01  Barracks Tech Lab  
  31  25:04  Barracks Reactor  
  31  25:06  Barracks Reactor  
  31  25:07  Barracks Reactor  
  31  25:17  Barracks Reactor  
  31  25:44  Marine x2  
  31  25:49  Marine  
  33  25:50  Marine  
Show
View Real Time Build Order
Export as new Build Order

Infamous Protoss 

Build Orders:  

Get SALT Encoding   

  12  0:03  Probe  
  13  0:17  Pylon  
  13  0:18  Probe (Chrono Boost)  
  15  0:29  Probe (Chrono Boost)  
  15  0:41  Gateway  
  15  0:43  Probe  
  15  0:48  Assimilator  
  16  0:55  Probe (Chrono Boost)  
  17  1:07  Probe (Chrono Boost)  
  18  1:13  Probe (Chrono Boost)  
  19  1:21  Gateway  
  19  1:25  Probe  
  20  1:32  Cybernetics Core  
  20  1:42  Probe  
  20  1:45  Assimilator  
  21  1:48  Pylon  
  21  1:56  Probe  
  22  2:05  Stalker (Chrono Boost)  
  26  2:09  Warp Gate  
  26  2:14  Stalker (Chrono Boost)  
  26  2:17  Probe  
  27  2:31  Probe  
  28  2:46  Nexus  
  28  2:51  Probe  
  31  3:06  Sentry (Chrono Boost)  
  31  3:18  Pylon  
  31  3:27  Robotics Facility  
  31  3:36  Probe, Sentry  
  31  3:38  Stalker  
  36  3:48  Twilight Council  
  36  3:51  Forge  
  36  3:52  Probe  
  38  4:07  Probe x2 (Chrono Boost)  
  39  4:13  Pylon  
  39  4:14  Observer  
  40  4:20  Stalker x2  
  44  4:42  Protoss Ground Weapons Level 1  
  44  4:45  Probe (Chrono Boost)  
  46  4:46  Probe (Chrono Boost)  
  46  4:47  Immortal (Chrono Boost)  
  50  4:55  Zealot x2  
  54  5:03  Pylon  
  54  5:11  Assimilator x2  
  54  5:16  Zealot x2, Blink (Chrono Boost)  
  58  5:26  Shield Battery  
  58  5:34  Pylon  
  58  5:37  Probe x2  
  58  5:42  Immortal (Chrono Boost)  
  63  6:03  Probe  
  63  6:04  Probe  
  65  6:17  Stalker x2  
  69  6:29  Probe  
  69  6:32  Gateway  
  70  6:33  Probe  
  70  6:34  Gateway  
  70  6:35  Templar Archives  
  71  6:41  Probe  
  72  6:54  Sentry x2  
  74  6:55  Protoss Ground Armor Level 1 (Chrono Boost)  
  76  7:29  Stalker  
  78  7:45  Photon Cannon  
  78  7:47  Shield Battery  
  78  7:59  Pylon  
  78  8:02  Pylon  
  78  8:17  Probe x2, Nexus  
  78  8:18  Immortal  
  78  8:19  Pylon  
  84  8:22  Pylon  
  84  8:23  Psionic Storm  
  84  8:25  Pylon  
  84  8:29  High Templar  
  84  8:30  Probe x2, High Templar x3  
  94  8:39  Protoss Shields Level 1 (Chrono Boost)  
  94  9:02  Gateway  
  94  9:03  Gateway  
  94  9:12  Probe x2, Photon Cannon  
  94  9:15  Photon Cannon  
  96  9:18  Photon Cannon  
  96  9:22  High Templar x2  
  100  9:24  Charge (Chrono Boost)  
  100  9:25  Zealot x2  
  104  9:40  Probe (Chrono Boost)  
  104  9:41  Probe x2 (Chrono Boost)  
  108  9:58  Probe (Chrono Boost)  
  108  9:59  High Templar x2  
  112  10:01  Stalker x2  
  116  10:07  Archon  
  116  10:08  Archon x3  
  116  10:12  Stalker x2  
  120  10:18  Probe x3  
  120  10:21  Protoss Ground Weapons Level 2 (Chrono Boost)  
  123  10:30  Probe  
  123  10:35  Stalker x3  
  128  10:38  Zealot  
  132  10:59  Photon Cannon  
  132  11:01  Photon Cannon  
  132  11:05  Photon Cannon  
  132  11:07  Photon Cannon  
  132  11:19  Probe  
  132  11:20  Pylon  
  132  11:22  Pylon  
  132  11:25  Pylon  
  133  11:26  Photon Cannon  
  133  11:28  Pylon  
  133  11:32  Assimilator  
  133  11:38  Probe x3  
  133  11:39  Stalker x2  
  140  11:41  High Templar  
  140  11:42  High Templar  
  140  11:43  High Templar x2  
  148  12:12  Forge  
  148  12:15  Photon Cannon  
  148  12:22  Stalker x4  
  154  12:23  Stalker x2  
  160  12:42  Probe x2, Protoss Ground Weapons Level 3 (Chrono Boost)  
  162  12:50  Protoss Ground Armor Level 2 (Chrono Boost)  
  162  12:52  Archon  
  162  12:58  High Templar  
  164  13:53  Assimilator  
  164  13:58  Pylon  
  164  14:00  Pylon x2  
  164  14:02  Pylon  
  164  14:16  Immortal  
  90  14:38  Archon  
  88  14:41  Stalker x5  
  72  15:12  High Templar  
  74  15:14  High Templar x4  
  74  15:15  High Templar  
  84  15:43  Nexus  
  84  15:44  Pylon  
  84  15:45  Pylon  
  84  15:46  Pylon  
  84  15:49  High Templar  
  86  15:50  High Templar x4  
  86  15:51  High Templar  
  96  16:07  Photon Cannon  
  96  16:09  Photon Cannon x2  
  96  16:11  Photon Cannon  
  96  16:12  Photon Cannon  
  96  16:14  Photon Cannon  
  96  16:18  Immortal (Chrono Boost)  
  100  16:26  Archon x5  
  100  16:27  Archon  
  80  17:03  Stalker x2  
  80  17:04  Stalker x4  
  86  17:25  Assimilator  
  86  17:26  Assimilator  
  86  17:46  Zealot x3  
  86  17:47  Zealot x3  
  86  17:50  Immortal  
  102  18:01  Probe x2  
  102  18:02  Probe  
  105  18:08  High Templar  
  105  18:09  High Templar x5  
  117  18:13  Probe  
  118  18:28  Immortal  
  122  18:44  Stalker x3  
  122  18:45  Zealot x3  
  134  18:59  Protoss Ground Armor Level 3 (Chrono Boost)  
  134  19:03  Protoss Shields Level 2 (Chrono Boost)  
  134  19:15  Stalker  
  134  19:16  Stalker x2  
  140  19:23  Zealot  
  142  19:25  Zealot x2  
  62  20:15  Stalker x4  
  62  20:16  Stalker x2  
  62  20:17  Immortal  
  62  20:19  Probe  
  62  20:20  Probe  
  80  20:50  Probe x2  
  80  20:52  Probe x2  
  84  20:58  High Templar x2  
  84  20:59  High Templar x2  
  84  21:01  Zealot  
  84  21:02  Zealot  
  96  21:08  Archon x2  
  96  21:27  High Templar x2  
  90  21:48  Stalker x2  
  90  21:49  Stalker x2  
  98  22:02  Zealot  
  98  22:03  High Templar  
  102  22:21  Stalker x2  
  102  22:22  Stalker x2  
  110  22:31  Immortal  
  114  22:43  Probe  
  115  22:50  Probe x2  
  87  23:13  High Templar x2  
  87  23:14  High Templar  
  87  23:16  Zealot x3  
  99  23:23  Immortal  
  103  23:41  Stalker x3  
  87  24:13  Stalker  
  87  24:14  Stalker x4  
  87  24:15  Stalker  
  73  24:39  High Templar x2  
  73  24:44  Archon  
  75  24:47  Stalker x2  
  79  25:18  Stalker x3  
  78  25:43  Pylon  
  78  25:45  Pylon  
  78  25:47  Probe x2  
  78  25:48  Probe x2  
  81  25:52  High Templar x2  
  81  25:53  High Templar  
  87  26:10  High Templar x2  
  91  26:11  Gateway  
  91  26:14  Gateway x2  
  91  26:16  Gateway  
  91  26:28  Stalker  
  91  26:29  Stalker x2  
  82  26:50  Stalker x2  
  76  27:32  High Templar  
  76  27:33  High Templar x4  
  64  28:06  High Templar  
  64  28:07  High Templar  
  64  28:08  High Templar x3  
  70  28:14  Archon  
  70  28:15  Archon x2  
  70  28:16  Archon  
Show
View Real Time Build Order
Export as new Build Order

Andocrain Protoss 

Build Orders: 1 Gate Expand, Double Forge 

Get SALT Encoding   

  12  0:13  Pylon  
  12  0:15  Probe (Chrono Boost)  
  13  0:24  Probe (Chrono Boost)  
  14  0:33  Gateway  
  14  0:52  Pylon  
  14  1:13  Nexus  
  14  1:17  Probe (Chrono Boost)  
  15  1:29  Probe (Chrono Boost)  
  16  1:35  Gateway  
  16  1:46  Assimilator  
  16  1:52  Cybernetics Core  
  16  1:57  Assimilator  
  16  1:59  Probe  
  17  2:26  Probe (Chrono Boost)  
  18  2:34  Probe (Chrono Boost)  
  18  2:36  Probe (Chrono Boost)  
  20  2:41  Probe (Chrono Boost)  
  20  2:43  Probe (Chrono Boost)  
  22  2:45  Gateway  
  22  2:46  Probe (Chrono Boost)  
  23  2:55  Gateway  
  23  2:58  Probe  
  24  3:00  Warp Gate (Chrono Boost)  
  24  3:10  Probe (Chrono Boost)  
  26  3:15  Probe (Chrono Boost)  
  26  3:22  Probe (Chrono Boost)  
  28  3:29  Probe x2 (Chrono Boost)  
  28  3:31  Forge  
  29  3:34  Pylon  
  29  3:36  Probe  
  29  3:37  Probe  
  29  3:38  Gateway  
  31  3:49  Probe  
  31  3:50  Probe  
  33  4:02  Probe, Protoss Ground Weapons Level 1 (Chrono Boost)  
  34  4:14  Probe  
  35  4:18  Probe, Nexus  
  36  4:24  Assimilator  
  36  4:26  Probe  
  36  4:27  Assimilator  
  36  4:30  Probe  
  38  4:38  Probe  
  38  4:42  Pylon, Probe  
  40  4:50  Probe  
  41  4:58  Forge  
  41  5:00  Forge  
  41  5:05  Probe  
  42  5:09  Probe  
  43  5:17  Probe  
  43  5:18  Gateway  
  44  5:21  Probe  
  44  5:22  Gateway  
  44  5:24  Gateway  
  44  5:26  Gateway  
  45  5:29  Protoss Shields Level 1 (Chrono Boost), Gateway, Probe  
  45  5:32  Gateway  
  45  5:33  Probe  
  47  5:36  Protoss Ground Armor Level 1 (Chrono Boost)  
  47  5:39  Twilight Council  
  47  5:50  Gateway  
  48  6:04  Probe  
  48  6:16  Probe  
  49  6:21  Robotics Facility  
  49  6:25  Charge (Chrono Boost), Zealot x4  
  53  6:26  Zealot x4  
  53  6:27  Zealot  
  53  6:28  Probe  
  68  6:40  Probe  
  69  6:52  Probe  
  68  6:56  Stalker x2  
  68  6:57  Stalker x2  
  76  7:05  Pylon  
  76  7:06  Pylon  
  76  7:17  Pylon x2  
  76  7:20  Probe (Chrono Boost)  
  76  7:22  Warp Prism  
  80  7:30  Probe (Chrono Boost)  
  80  7:35  Probe (Chrono Boost)  
  81  7:38  Zealot x3  
  81  7:39  Stalker x3  
  81  7:40  Stalker x3  
  81  7:41  Stalker  
  101  7:46  Probe  
  102  7:58  Probe  
  103  8:29  Stalker x3  
  103  8:34  Pylon  
  109  8:35  Pylon, Protoss Ground Weapons Level 2 (Chrono Boost)  
  109  8:36  Protoss Shields Level 2 (Chrono Boost), Protoss Ground Armor Level 2 (Chrono Boost)  
  109  8:38  Pylon  
  109  8:40  Pylon, Blink  
  109  9:02  Pylon  
  109  9:04  Pylon  
  109  9:18  Zealot x2  
  109  9:19  Zealot x5  
  109  9:20  Zealot x4  
  109  9:21  Zealot  
  133  9:32  Pylon  
  133  9:36  Pylon  
  133  9:40  Warp Prism  
  135  9:49  Gateway  
  135  9:52  Gateway  
  135  9:54  Gateway x2  
  135  9:58  Gateway  
  135  10:00  Gateway  
  135  10:09  Probe  
  135  10:13  Zealot  
  135  10:14  Zealot x3  
  140  10:16  Zealot x3  
  140  10:17  Zealot x4  
  140  10:18  Zealot  
  160  10:21  Probe  
  160  10:25  Pylon  
  160  10:27  Pylon  
  161  10:29  Pylon  
  161  10:34  Probe  
  162  10:46  Probe  
  163  10:58  Probe  
  163  11:00  Zealot x2  
  163  11:01  Zealot x4  
  163  11:02  Zealot x4  
  163  11:03  Zealot  
  186  11:12  Zealot  
  188  11:32  Zealot x4  
  194  11:36  Pylon  
  194  11:39  Pylon  
  196  11:42  Pylon  
  196  11:50  Protoss Ground Weapons Level 3 (Chrono Boost)  
  196  11:52  Protoss Ground Armor Level 3 (Chrono Boost), Protoss Shields Level 3 (Chrono Boost)  
  196  12:11  Dark Shrine  
  196  12:32  Stalker  
  196  12:35  Zealot  
  200  12:48  Dark Shrine  
  200  13:09  Photon Cannon  
  200  13:30  Pylon  
  200  13:40  Pylon  
  200  13:45  Pylon  
  200  13:47  Pylon  
  200  13:59  Resonating Glaives  
  199  14:59  Zealot x3  
  161  15:00  Zealot x5  
  161  15:01  Zealot x2  
  161  15:02  Zealot x2  
  125  15:20  Dark Templar x6  
  133  15:23  Dark Templar  
  133  15:24  Dark Templar x5  
  133  15:25  Dark Templar x5  
  133  15:26  Dark Templar  
  147  15:28  Dark Templar x2  
  147  15:29  Dark Templar x4  
  159  16:03  Dark Templar x3  
  159  16:04  Dark Templar x5  
  153  16:05  Dark Templar x4  
  153  16:06  Dark Templar x3  
  157  16:37  Dark Templar x2  
  157  16:38  Dark Templar  
  155  17:06  Assimilator  
  131  17:36  Assimilator  
  87  17:45  Zealot  
  87  17:46  Zealot x3  
  87  17:47  Zealot x4  
  87  17:48  Zealot x5  
  87  17:49  Zealot x3  
  87  17:50  Zealot x2  
  123  18:17  Zealot x5  
  123  18:18  Zealot x5  
  123  18:19  Zealot x2  
  147  18:20  Zealot x5  
  147  18:21  Zealot  
  159  19:17  Nexus  
  157  19:42  Dark Templar x6  
  157  19:43  Dark Templar x2  
  173  21:03  Dark Templar x4  
  181  21:04  Dark Templar x2  
  169  22:03  Zealot  
  169  22:04  Dark Templar, Zealot  
  67  23:25  Stalker x3  
  67  24:30  Dark Templar  
Show
View Real Time Build Order
Export as new Build Order

Ukina Protoss 

Build Orders: Nexus First 

Get SALT Encoding   

  12  0:47  Pylon  
  12  0:59  Nexus  
  12  1:13  Forge  
  12  1:16  Probe (Chrono Boost)  
  13  1:28  Probe (Chrono Boost)  
  13  1:32  Probe (Chrono Boost)  
  14  1:35  Gateway  
  15  1:46  Pylon  
  15  1:53  Assimilator  
  15  1:58  Probe  
  15  2:00  Assimilator  
  17  2:22  Probe (Chrono Boost)  
  17  2:33  Probe (Chrono Boost)  
  17  2:36  Zealot  
  20  2:38  Probe (Chrono Boost)  
  21  2:48  Probe (Chrono Boost)  
  23  2:54  Probe (Chrono Boost)  
  24  2:59  Probe (Chrono Boost)  
  24  3:03  Probe (Chrono Boost)  
  24  3:04  Probe (Chrono Boost)  
  25  3:08  Cybernetics Core  
  26  3:17  Probe (Chrono Boost)  
  26  3:18  Probe (Chrono Boost)  
  29  3:29  Probe (Chrono Boost)  
  29  3:31  Probe (Chrono Boost), Photon Cannon  
  30  3:34  Probe (Chrono Boost)  
  30  3:39  Probe  
  32  3:50  Probe (Chrono Boost)  
  34  3:56  Probe (Chrono Boost)  
  34  4:01  Probe (Chrono Boost)  
  35  4:06  Probe (Chrono Boost), Nexus  
  36  4:11  Assimilator  
  36  4:16  Assimilator  
  36  4:17  Probe  
  36  4:22  Protoss Ground Weapons Level 1  
  37  4:28  Stalker  
  37  4:29  Probe (Chrono Boost)  
  40  4:41  Probe (Chrono Boost)  
  40  4:42  Probe (Chrono Boost)  
  42  4:46  Pylon  
  42  4:49  Probe x2 (Chrono Boost), Assimilator  
  42  4:51  Assimilator  
  44  4:54  Probe (Chrono Boost)  
  44  4:55  Probe  
  46  5:05  Probe  
  46  5:06  Photon Cannon  
  47  5:07  Probe  
  47  5:10  Shield Battery  
  47  5:14  Pylon  
  48  5:17  Pylon, Probe  
  48  5:19  Pylon  
  49  5:21  Pylon  
  49  5:23  Pylon  
  49  5:27  Pylon  
  49  5:28  Probe (Chrono Boost)  
  50  5:39  Probe (Chrono Boost)  
  52  5:44  Probe (Chrono Boost)  
  52  5:45  Probe (Chrono Boost)  
  52  5:47  Probe (Chrono Boost)  
  54  5:54  Probe (Chrono Boost)  
  57  5:57  Probe (Chrono Boost)  
  57  5:59  Probe (Chrono Boost)  
  57  6:00  Probe (Chrono Boost)  
  57  6:02  Probe (Chrono Boost)  
  59  6:07  Probe x2, Protoss Air Weapons Level 1  
  59  6:09  Stalker  
  63  6:13  Probe  
  63  6:16  Protoss Shields Level 1  
  64  6:19  Probe  
  64  6:25  Probe, Stargate  
  66  6:28  Stargate  
  66  6:30  Pylon  
  66  6:33  Pylon  
  66  6:35  Pylon  
  66  6:39  Stalker  
  68  6:42  Robotics Facility  
  68  6:49  Cybernetics Core  
  68  6:53  Gateway  
  68  7:05  Stargate x2  
  68  7:07  Stargate  
  68  7:09  Stalker  
  70  7:21  Stargate  
  70  7:29  Photon Cannon  
  70  7:32  Photon Cannon  
  70  7:33  Photon Cannon  
  70  7:43  Probe (Chrono Boost)  
  71  7:54  Probe (Chrono Boost)  
  71  7:57  Void Ray x3  
  84  7:58  Void Ray  
  84  7:59  Probe (Chrono Boost)  
  89  8:10  Probe, Protoss Ground Armor Level 1  
  89  8:11  Stalker x2  
  94  8:16  Protoss Air Armor Level 1 (Chrono Boost)  
  94  8:22  Probe  
  95  8:31  Fleet Beacon  
  95  8:35  Stargate  
  95  8:38  Stargate  
  95  8:41  Stalker x2  
  97  8:44  Stargate  
  97  8:47  Pylon  
  99  9:09  Stargate  
  99  9:10  Stargate  
  99  9:12  Stargate  
  99  9:15  Twilight Council  
  99  9:22  Robotics Bay  
  99  9:30  Tempest  
  99  9:31  Tempest  
  111  9:49  Protoss Air Weapons Level 2 (Chrono Boost)  
  111  10:01  Protoss Ground Weapons Level 2 (Chrono Boost)  
  111  10:41  Pylon  
  111  10:43  Pylon  
  111  10:46  Pylon  
  111  10:48  Nexus  
  111  10:51  Assimilator  
  111  10:52  Protoss Air Armor Level 2 (Chrono Boost)  
  111  10:54  Assimilator  
  111  11:12  Stalker x2  
  115  11:22  Carrier  
  121  11:28  Carrier  
  127  11:42  Stalker x2  
  131  12:07  Protoss Shields Level 2 (Chrono Boost)  
  131  12:12  Stalker x2  
  135  12:33  Observer  
  136  12:42  Stalker (Chrono Boost)  
  140  12:45  Robotics Facility  
  140  12:47  Stalker (Chrono Boost)  
  140  12:50  Robotics Facility  
  140  12:51  Charge  
  140  12:53  Observer Gravitic Boosters  
  140  12:54  Anion Pulse-Crystals  
  140  12:55  Protoss Air Weapons Level 3 (Chrono Boost)  
  140  13:09  Stalker (Chrono Boost)  
  144  13:15  Protoss Air Armor Level 3 (Chrono Boost), Stalker (Chrono Boost)  
  144  13:28  Colossus  
  144  13:32  Stalker  
  152  13:43  Tempest  
  152  13:44  Void Ray  
  152  13:46  Void Ray  
  166  13:50  Probe  
  167  13:58  Graviton Catapult  
  167  14:02  Probe, Stalker  
  158  14:15  Protoss Ground Armor Level 2  
  138  14:22  Colossus  
  114  14:26  Void Ray  
  114  14:27  Void Ray x5  
  120  14:44  Stalker  
  120  14:45  Stalker  
  110  14:50  Colossus  
  116  15:00  Probe (Chrono Boost)  
  117  15:11  Probe (Chrono Boost)  
  112  15:14  Stalker  
  112  15:15  Colossus, Stalker  
  112  15:20  Colossus  
  121  15:25  Carrier  
  121  15:26  Tempest  
  127  15:29  Tempest  
  133  15:44  Stalker  
  127  16:04  Tempest  
  127  16:05  Void Ray x2  
  133  16:19  Stalker  
  133  16:21  Observer  
  134  16:47  Pylon  
  98  16:57  Tempest  
  98  16:58  Tempest  
  61  18:17  Nexus  
  61  18:22  Assimilator  
  61  18:40  Pylon  
  61  18:43  Pylon  
  61  18:45  Pylon  
  61  18:46  Colossus x2  
  73  19:19  Forge  
  73  19:22  Gateway  
  73  19:33  Pylon  
  73  19:39  Colossus x2  
  73  19:40  Probe (Chrono Boost)  
  73  19:43  Pylon  
  86  19:45  Pylon  
  86  19:48  Pylon  
  86  19:50  Probe (Chrono Boost)  
  87  19:55  Probe (Chrono Boost)  
  87  19:56  Protoss Ground Weapons Level 3 (Chrono Boost)  
  88  20:06  Probe  
  89  20:18  Probe  
  89  20:20  Gateway  
  90  20:33  Colossus x2  
  102  20:41  Void Ray x2  
  110  20:46  Carrier  
  116  20:59  Probe (Chrono Boost)  
  117  21:10  Probe (Chrono Boost)  
  118  21:12  Photon Cannon  
  118  21:14  Probe (Chrono Boost)  
  118  21:17  Photon Cannon  
  118  21:18  Photon Cannon  
  119  21:25  Probe  
  120  21:27  Immortal x2  
  128  21:37  Probe  
  129  21:49  Probe  
  130  22:00  Tempest  
  130  22:01  Probe, Carrier x2  
  149  22:13  Observer  
  151  22:22  Observer  
  151  22:34  Observer  
  152  22:37  Stalker  
  152  22:38  Stalker  
  156  23:29  Pylon  
  156  23:33  Pylon  
  156  23:40  Photon Cannon  
  156  23:47  Pylon  
  156  23:49  Pylon  
  156  23:54  Pylon  
  156  23:57  Pylon  
  156  24:13  Colossus  
  162  24:21  Stalker x2  
  166  24:51  Stalker x2  
  166  26:36  Carrier x2  
  166  26:37  Tempest x2  
  166  26:38  Void Ray  
  166  26:39  Void Ray  
Show
View Real Time Build Order
Export as new Build Order

EFWOW Terran 

Build Orders: MMM Bio 

Get SALT Encoding   

  12  0:41  Supply Depot, SCV  
  13  0:53  SCV  
  14  0:58  Refinery  
  14  1:07  Barracks, SCV  
  15  1:19  SCV  
  16  1:31  SCV  
  17  1:45  SCV  
  18  1:47  Barracks  
  18  1:56  Barracks Tech Lab, Engineering Bay  
  18  1:58  Engineering Bay  
  18  2:01  Refinery, Orbital Command  
  18  2:16  Stimpack  
  18  2:30  SCV  
  18  2:35  Supply Depot  
  18  2:36  Barracks Reactor  
  19  2:44  SCV  
  20  2:56  Terran Infantry Weapons Level 1  
  20  3:02  Barracks  
  20  3:05  SCV  
  21  3:20  Terran Infantry Armor Level 1  
  21  3:28  SCV  
  22  3:36  Command Center  
  22  3:43  SCV  
  23  3:51  Factory  
  23  3:56  Marine x2  
  23  3:57  Marine  
  23  3:59  Barracks Reactor  
  26  4:10  SCV  
  26  4:16  Combat Shields  
  27  4:21  Barracks  
  27  4:27  Supply Depot  
  27  4:39  Armory  
  27  4:46  SCV  
  27  4:48  SCV  
  29  4:56  Supply Depot  
  29  4:57  Marine x3  
  29  4:58  Marine x2, SCV  
  35  5:00  SCV  
  36  5:10  SCV  
  36  5:13  SCV  
  38  5:18  Barracks Reactor  
  38  5:23  Supply Depot  
  38  5:26  Supply Depot  
  38  5:27  Terran Infantry Weapons Level 2  
  38  5:37  Terran Infantry Armor Level 2  
  38  5:43  Barracks  
  38  5:52  Barracks  
  38  5:53  Supply Depot  
  38  5:55  SCV  
  39  6:05  SCV  
  39  6:07  SCV  
  41  6:16  Starport  
  41  6:28  Refinery  
  41  6:29  Refinery  
  41  6:30  Orbital Command  
  41  6:33  SCV  
  42  6:42  Starport  
  42  6:45  SCV  
  42  6:46  Supply Depot, Barracks Reactor x2  
  43  7:07  Starport Reactor  
  43  7:25  Command Center  
  43  7:27  Sensor Tower  
  43  7:29  SCV  
  44  7:48  Marine x9  
  44  7:49  Marine x2  
  55  7:54  Starport Reactor  
  55  7:58  Supply Depot  
  55  7:59  Terran Infantry Weapons Level 3  
  55  8:03  Terran Infantry Armor Level 3  
  55  8:05  Marine  
  55  8:06  Marine  
  57  8:40  Orbital Command  
  57  8:54  Refinery  
  57  9:04  Refinery  
  57  9:10  SCV  
  57  9:16  Medivac x4  
  66  9:21  Marine x2  
  66  9:22  Marine x9, SCV  
  78  9:38  SCV  
  78  9:39  Marine x5  
  78  9:40  Marine x6  
  90  9:46  Medivac x3  
  90  9:50  SCV, Terran Vehicle And Ship Armor Level 1  
  97  9:56  Supply Depot  
  97  9:57  Marine x7  
  104  10:00  Medivac  
  104  10:05  SCV  
  107  10:19  Supply Depot  
  107  10:43  SCV  
  108  10:55  SCV  
  109  11:01  Marine x10  
  109  11:02  Marine  
  120  11:08  Medivac  
  120  11:09  Medivac x2  
  126  11:11  Medivac  
  128  11:18  Marine x2  
  128  11:19  Marine x3  
  128  11:20  Supply Depot  
  133  11:41  Marine x8  
  133  11:43  Supply Depot  
  141  11:59  Sensor Tower  
  141  12:05  Marine x8  
  141  12:07  Barracks  
  149  12:34  Supply Depot  
  149  12:36  Supply Depot  
  149  12:42  Marine x8  
  157  12:47  Medivac x2  
  161  12:53  Marine x3  
  161  12:58  Barracks Reactor  
  164  13:00  Marine x8  
  164  13:03  Supply Depot  
  164  13:04  Supply Depot  
  172  13:11  Supply Depot  
  172  13:17  Marine  
  173  13:22  Marine x7  
  173  13:23  Marine x3  
  183  13:35  Marine  
  183  13:40  Marine x9  
  183  13:41  Marine  
  194  13:53  Marine  
  194  13:55  Supply Depot  
  195  13:57  Supply Depot  
  195  13:58  Marine x5  
  195  13:59  Supply Depot  
  104  15:11  Marine x6  
  104  15:12  Marine x7  
  60  15:29  Marine x8  
  60  15:30  Marine x5  
  73  15:47  Marine x10  
  73  15:48  Marine x3  
  86  15:50  Medivac x4  
  94  16:05  Marine x13  
  107  16:20  Medivac x4  
  107  16:23  Marine  
  116  16:40  Marine x6  
  116  16:41  Marine x7  
  129  16:50  Medivac x4  
  137  16:58  Marine x8  
  137  16:59  Marine x5  
  150  17:16  Marine x11  
  150  17:17  Marine x2  
  150  17:20  Medivac  
  161  17:33  Marine x2  
  161  17:34  Marine x7  
  152  18:17  Marine x7  
  152  18:18  Marine x6  
  165  18:35  Marine x9  
  165  18:36  Marine x4  
  178  18:53  Marine x11  
  178  18:54  Marine x2  
  191  19:10  Marine x2  
  191  19:11  Marine x7  
  140  19:49  Marine x13  
  153  20:06  Marine x2  
  153  20:07  Marine x11  
  85  20:24  Marine x5  
  85  20:25  Marine x2  
  92  20:55  Medivac x4  
  100  20:59  Marine x6  
  100  21:00  Marine x7  
  113  21:17  Marine x3  
  116  21:25  Medivac x4  
  124  21:52  Marine x11  
  124  21:53  Marine x2  
  137  22:09  Marine x2  
  137  22:10  Marine x11  
  150  22:27  Marine x4  
  150  22:28  Marine  
  45  25:14  Marine x8  
  45  25:15  Marine x2  
  57  25:28  Marine  
  57  25:32  Marine x8  
  57  25:33  Marine  
  64  25:50  Marine x3  
  67  26:10  Command Center  
  67  28:01  Refinery  
  67  28:29  Marine x4  
  67  28:30  Marine x9  
  80  28:36  Command Center  
  80  28:47  Marine x6  
  80  28:48  Marine x7  
Show
View Real Time Build Order
Export as new Build Order

ossamo Protoss 

Build Orders:  

Get SALT Encoding   

  12  0:02  Probe (Chrono Boost)  
  13  0:12  Probe (Chrono Boost)  
  14  0:24  Probe  
  14  0:26  Pylon  
  15  0:36  Pylon  
  15  0:53  Gateway  
  15  0:58  Gateway  
  15  1:00  Probe  
  16  1:15  Forge  
  16  1:18  Probe  
  17  1:26  Assimilator  
  17  1:31  Probe (Chrono Boost)  
  19  1:41  Probe (Chrono Boost)  
  19  1:43  Assimilator  
  19  1:46  Probe (Chrono Boost)  
  20  1:58  Photon Cannon  
  20  1:59  Zealot  
  22  2:06  Cybernetics Core  
  22  2:15  Zealot  
  24  2:28  Probe  
  25  2:35  Pylon  
  25  2:40  Probe, Zealot  
  28  2:57  Stargate  
  28  3:03  Photon Cannon  
  28  3:14  Warp Gate  
  28  3:17  Stalker  
  28  3:19  Sentry  
  32  3:22  Assimilator  
  32  3:26  Shield Battery  
  32  3:30  Probe (Chrono Boost)  
  33  3:40  Probe (Chrono Boost)  
  34  3:55  Robotics Facility  
  34  3:57  Assimilator  
  34  3:58  Protoss Ground Weapons Level 1 (Chrono Boost)  
  34  4:14  Oracle  
  37  4:18  Zealot  
  39  4:44  Nexus  
  39  4:57  Pylon  
  39  5:14  Void Ray  
  39  5:15  Observer  
  44  5:22  Pylon  
  44  6:05  Void Ray  
  48  6:14  Stargate  
  48  6:17  Pylon  
  48  6:18  Probe (Chrono Boost)  
  49  6:27  Probe (Chrono Boost)  
  49  6:32  Probe (Chrono Boost)  
  50  6:38  Protoss Air Weapons Level 1 (Chrono Boost)  
  51  6:40  Protoss Shields Level 1 (Chrono Boost)  
  51  6:44  Probe  
  51  6:46  Observer  
  53  6:56  Probe (Chrono Boost)  
  53  6:58  Void Ray  
  58  7:08  Probe (Chrono Boost)  
  59  7:13  Probe (Chrono Boost)  
  60  7:22  Probe  
  61  7:34  Probe  
  62  7:47  Probe  
  63  7:51  Void Ray x2  
  71  7:59  Probe  
  71  8:02  Pylon  
  71  8:05  Pylon  
  72  8:11  Probe  
  73  8:23  Probe  
  71  8:28  Nexus  
  71  8:30  Assimilator  
  71  8:36  Shield Battery  
  71  8:38  Protoss Air Armor Level 1 (Chrono Boost), Observer  
  72  8:43  Protoss Ground Armor Level 1 (Chrono Boost)  
  72  8:49  Void Ray  
  72  8:50  Void Ray  
  72  8:55  Probe (Chrono Boost)  
  81  9:04  Probe (Chrono Boost)  
  82  9:19  Assimilator  
  82  9:32  Pylon  
  82  9:35  Pylon  
  82  9:37  Probe (Chrono Boost), Fleet Beacon  
  83  9:41  Pylon  
  84  9:47  Probe (Chrono Boost)  
  84  9:50  Twilight Council  
  84  9:51  Probe (Chrono Boost)  
  84  9:52  Phoenix  
  87  10:06  Photon Cannon  
  87  10:07  Probe (Chrono Boost)  
  87  10:12  Void Ray (Chrono Boost)  
  88  10:18  Probe (Chrono Boost)  
  93  10:22  Probe (Chrono Boost)  
  94  10:33  Void Ray (Chrono Boost)  
  98  10:36  Stargate  
  98  10:40  Anion Pulse-Crystals  
  99  10:42  Probe (Chrono Boost)  
  99  10:52  Probe (Chrono Boost)  
  99  10:54  Warp Prism  
  99  10:57  Protoss Air Weapons Level 2  
  102  11:00  Void Ray  
  106  11:10  Probe (Chrono Boost)  
  108  11:19  Probe (Chrono Boost)  
  108  11:22  Tempest (Chrono Boost)  
  114  11:29  Probe  
  115  11:41  Probe (Chrono Boost)  
  116  11:51  Probe (Chrono Boost)  
  123  11:56  Probe (Chrono Boost)  
  123  11:58  Tempest (Chrono Boost)  
  123  11:59  Tempest (Chrono Boost)  
  123  12:01  Graviton Catapult (Chrono Boost)  
  133  12:05  Oracle (Chrono Boost)  
  133  12:18  Pylon  
  133  12:22  Pylon  
  133  12:27  Pylon  
  133  12:36  Probe  
  134  12:37  Void Ray (Chrono Boost)  
  134  12:39  Carrier (Chrono Boost)  
  144  12:47  Pylon  
  144  12:48  Probe  
  149  12:55  Dark Shrine, Void Ray (Chrono Boost)  
  149  13:12  Protoss Air Armor Level 2  
  149  13:25  Stargate  
  149  13:31  Observer  
  150  14:25  Carrier x2 (Chrono Boost)  
  162  14:39  Dark Templar  
  164  14:52  Dark Templar  
  128  14:55  Carrier (Chrono Boost)  
  120  15:18  Phoenix (Chrono Boost)  
  122  15:26  Dark Templar  
  122  15:28  Zealot  
  126  15:31  Phoenix (Chrono Boost)  
  128  15:41  Carrier x2  
  134  15:55  Tempest  
  127  16:01  Stalker  
  105  16:10  Carrier  
  113  16:11  Immortal  
  113  16:38  Tempest  
  119  16:40  Gateway  
  119  16:42  Gateway  
  119  16:45  Gateway  
  119  16:47  Protoss Ground Weapons Level 2  
  119  16:48  Gateway  
  119  16:50  Immortal, Gateway  
  119  16:54  Gateway  
  123  16:56  Gateway  
  123  17:01  Dark Templar x2  
  125  17:06  Carrier x2  
  134  17:30  Observer  
  134  17:34  Pylon  
  134  17:36  Pylon, Carrier  
  140  17:42  Pylon, Stalker x2  
  140  17:43  Stalker  
  146  17:49  Tempest  
  150  18:19  Immortal  
  154  18:21  Adept  
  156  18:29  Charge  
  156  18:32  Tempest x2  
  168  18:38  Zealot  
  168  18:39  Zealot x4  
  178  18:45  Zealot  
  178  18:46  Zealot x2  
  184  18:58  Immortal  
  188  19:04  Assimilator  
  188  19:49  Zealot  
  188  19:50  Zealot x2  
  172  20:03  Zealot x4  
  172  20:04  Zealot  
  168  20:15  Dark Templar x2  
  168  20:16  Dark Templar  
  174  20:26  Void Ray  
  174  20:27  Void Ray  
  182  20:28  Carrier  
  188  20:44  Pylon  
  188  20:47  Pylon  
  188  20:52  Pylon  
  188  20:55  Pylon  
  188  21:02  Zealot  
  188  21:03  Zealot x3  
  196  21:09  Void Ray  
  150  21:46  Zealot x5  
  150  21:47  Zealot x2  
  106  21:56  Tempest x2 (Chrono Boost)  
  123  22:06  Tempest (Chrono Boost)  
  123  22:10  Observer  
  124  22:25  Stalker x2  
  124  22:26  Stalker  
  124  22:27  Stalker  
  124  22:28  Stalker  
  112  23:21  Tempest  
  118  23:45  Dark Templar  
  118  23:47  Stalker  
  84  25:51  Zealot x2  
  84  25:54  Stalker  
  84  25:55  Stalker  
  92  26:01  Zealot  
  92  26:02  Zealot  
  92  26:03  Zealot  
  98  26:11  Assimilator  
  98  27:03  Zealot x2  
  102  27:09  Nexus  
  102  27:32  Assimilator  
  102  29:09  Assimilator  
Show
View Real Time Build Order
Export as new Build Order

Tron Terran 

Build Orders:  

Get SALT Encoding   

  12  0:05  SCV  
  13  0:19  Supply Depot  
  13  0:21  SCV  
  14  0:34  SCV  
  15  0:45  Barracks  
  15  0:46  SCV  
  16  0:58  SCV  
  17  1:10  SCV  
  18  1:16  Refinery  
  18  1:22  SCV  
  19  1:32  Supply Depot  
  19  1:34  SCV  
  19  1:39  Marine  
  21  1:46  SCV  
  22  1:56  Marine  
  22  1:58  SCV  
  24  2:11  SCV  
  25  2:15  Marine  
  26  2:23  SCV  
  27  2:32  Refinery  
  27  2:33  Marine  
  27  2:35  SCV  
  29  2:44  Barracks  
  29  2:51  Marine, Orbital Command  
  30  3:09  Marine  
  31  3:15  Factory  
  31  3:21  Engineering Bay  
  31  3:38  Supply Depot  
  31  3:53  Command Center  
  31  3:59  Marine  
  31  4:00  Supply Depot  
  32  4:03  Factory Reactor  
  32  4:04  Barracks Reactor  
  32  4:11  Command Center  
  32  4:15  Terran Infantry Weapons Level 1  
  32  4:17  Marine  
  33  4:27  Engineering Bay  
  33  4:32  Missile Turret  
  33  4:35  Marine  
  34  4:44  Hellion  
  34  4:45  Hellion  
  38  4:48  Marine x2  
  40  4:54  Missile Turret  
  40  5:05  Hellion, Marine  
  40  5:06  Marine x2, Hellion  
  47  5:07  SCV  
  48  5:19  SCV  
  49  5:23  Marine  
  49  5:24  Orbital Command  
  50  5:32  SCV  
  51  5:41  Hellion  
  51  5:42  Hellion  
  55  5:44  Marine x2, SCV  
  58  5:56  SCV  
  58  5:57  SCV  
  60  6:02  Marine x2  
  60  6:03  Hellion x2  
  66  6:08  SCV  
  66  6:09  SCV  
  68  6:20  SCV  
  69  6:32  SCV  
  70  7:11  Terran Infantry Armor Level 1  
  70  7:18  Armory  
  70  7:20  Orbital Command  
  70  7:22  Refinery  
  70  7:24  Refinery  
  70  7:27  SCV  
  71  7:33  Refinery  
  71  7:35  Supply Depot, Refinery  
  71  7:39  SCV  
  73  7:51  SCV  
  73  7:57  SCV  
  74  8:03  SCV  
  75  8:09  SCV  
  76  8:15  Supply Depot, SCV  
  77  8:21  SCV  
  78  8:27  SCV  
  78  8:28  Armory  
  78  8:34  SCV  
  80  8:38  Supply Depot  
  80  8:39  Factory, SCV  
  81  8:46  SCV  
  82  8:51  SCV  
  83  8:55  Barracks Tech Lab  
  83  8:56  Supply Depot  
  83  9:04  Marine  
  83  9:05  Marine  
  83  9:08  Terran Infantry Weapons Level 2  
  83  9:09  Terran Infantry Armor Level 2  
  85  9:10  Terran Vehicle And Ship Armor Level 1  
  85  9:12  Supply Depot  
  85  9:19  Supply Depot  
  85  9:22  Marine x2  
  87  9:34  Supply Depot, SCV  
  88  9:46  SCV  
  88  9:49  Sensor Tower  
  89  9:52  Factory Tech Lab  
  89  9:58  SCV, Marauder  
  92  10:04  Ghost Academy  
  92  10:05  Supply Depot  
  92  10:09  Supply Depot  
  92  10:20  Marauder  
  94  10:30  Missile Turret  
  94  10:31  Supply Depot  
  94  10:33  Ghost Academy  
  94  10:38  Stimpack  
  94  10:41  Marauder  
  96  10:46  Starport  
  96  10:52  SCV  
  96  10:54  SCV  
  98  11:02  Marauder  
  101  11:06  SCV  
  102  11:16  Siege Tank  
  104  11:29  Ghost  
  106  11:35  Personal Cloaking  
  106  11:39  Supply Depot, Starport Reactor  
  106  11:48  Siege Tank  
  106  11:51  Starport  
  109  11:58  Nuke, Ghost  
  111  12:05  Ghost Academy  
  111  12:20  Siege Tank  
  114  12:26  Ghost  
  114  12:27  Medivac x2  
  114  12:29  Starport Tech Lab  
  120  12:39  Concussive Shells  
  120  12:41  Missile Turret  
  120  12:48  Supply Depot  
  120  12:52  Siege Tank  
  120  12:54  Marine x2  
  120  12:55  Ghost  
  127  13:00  Missile Turret  
  127  13:12  Marine x2  
  129  13:23  Ghost  
  131  13:28  Combat Shields  
  131  13:30  Marine x2  
  133  13:46  Sensor Tower  
  133  13:47  Marine  
  133  13:48  Marine, Terran Vehicle And Ship Armor Level 2  
  135  13:50  Terran Vehicle Weapons Level 1  
  135  13:51  Terran Infantry Armor Level 3  
  135  13:52  Ghost  
  135  13:53  Terran Infantry Weapons Level 3  
  137  13:59  Supply Depot  
  137  14:00  Missile Turret  
  137  14:04  Nuke  
  137  14:07  Nuke  
  137  14:10  Supply Depot  
  133  14:20  Supply Depot  
  133  14:21  Supply Depot  
  68  14:32  Siege Tank  
  61  14:39  Marine x3  
  61  14:41  Medivac x2  
  65  14:57  Marine x3  
  68  15:04  Siege Tank  
  73  15:07  Hellion x2  
  73  15:11  Medivac x2  
  79  15:14  Marine x2, Ghost  
  85  15:28  Hellion  
  85  15:29  Hellion  
  85  15:32  Marine  
  88  15:36  Siege Tank  
  91  15:43  Ghost  
  66  16:06  Medivac  
  66  16:07  Medivac x2  
  75  16:13  Marine x2  
  71  16:30  Marine  
  59  17:10  Marine  
  59  17:13  Hellion  
  59  17:14  Hellion, Marine  
  64  17:21  Missile Turret  
  62  17:24  Barracks  
  48  18:18  Viking x2  
  54  18:22  Medivac  
  54  18:48  Viking x2  
  58  18:52  Medivac  
  60  19:00  Supply Depot  
  60  19:08  Barracks Tech Lab  
  60  19:18  Viking x2  
  60  19:19  Supply Depot  
  60  19:22  Supply Depot  
  64  19:38  Ghost  
  66  19:47  Medivac  
  66  19:48  Viking x2  
  66  19:51  High Capacity Fuel Tanks  
  72  20:05  Engineering Bay  
  72  20:07  Ghost  
  74  20:18  Viking  
  76  20:35  Ghost  
  76  20:40  Factory  
  78  20:44  Viking  
  78  20:48  Viking  
  82  20:53  Supply Depot  
  82  21:04  Ghost  
  84  21:14  Viking  
  86  21:18  Supply Depot  
  86  21:21  Missile Turret  
  86  21:29  Factory Tech Lab  
  86  21:32  Ghost  
  86  21:37  Armory  
  88  21:55  Raven  
  88  21:59  Missile Turret  
  88  22:01  Ghost  
  92  22:11  Nuke  
  92  22:19  Missile Turret  
  92  22:38  Viking x2  
  92  22:39  Ghost Academy  
  92  22:42  Terran Ship Weapons Level 1  
  96  22:46  Armory  
  96  22:50  Ghost  
  98  23:08  Viking x2  
  102  23:18  Ghost  
  104  23:37  Terran Vehicle And Ship Armor Level 3  
  104  23:38  Viking x2  
  108  23:47  Ghost  
  108  24:08  Viking x2  
  90  26:04  Ghost  
  92  26:14  Terran Ship Weapons Level 2  
  92  26:17  Nuke x4  
  92  26:33  Ghost  
  94  26:44  Hellion  
  88  27:01  Ghost  
  88  27:06  Hellion  
  80  27:27  Hellion  
  74  27:30  Ghost  
  76  27:48  Hellion  
  78  27:58  Ghost  
  78  28:10  Hellion  
  80  28:13  Nuke x4  
  76  28:27  Ghost  
Tags
 
Add a new tag
Caveats
  • Supply blocks, unpowered buildings, or Contaminate may cause inaccurate times.
  • Supply counts are checked every 10 seconds.